 Dungeon Crawl Stone Soup version 0.31.0-11-ge490571c62 (webtiles) character file.

Game seed: 13253272679866707493

44 bnnuy the Slasher (level 3, 0/27 HPs)
             Began as a Merfolk Gladiator on Feb 4, 2024.
             Slain by Terence
             ... wielding a +0 flail
              (5 damage)
             ... on level 2 of the Dungeon.
             The game lasted 00:02:27 (1481 turns).

bnnuy the Slasher (Merfolk Gladiator)               Turns: 1481, Time: 00:02:28

Health: 0/27       AC:  9    Str: 14    XL:     3   Next: 62%
Magic:  3/3        EV:  8    Int:  7    God:
Gold:   69         SH:  0    Dex: 17    Spells: 2/2 levels left

rFire   . . .        a - +0 long sword
rCold   . . .        (no shield)
rNeg    + . .        k - +0 chain mail
rPois   .            c - +0 helmet
rElec   .            (no cloak)
rCorr   .            (no gloves)
SInv    .            (no boots)
Will    .....        (no amulet) Stlth
                     h - ring of positive energy
HPRegen 0.24/turn    (no ring)
MPRegen 0.08/turn

%: no passive effects
@: no status effects
A: (nimble swimmer 2), mertail
a: no special abilities


You were on level 2 of the Dungeon.
You visited 1 branch of the dungeon, and saw 2 of its levels.

You collected 69 gold pieces.

Inventory:

Hand Weapons
 a - a +0 long sword (weapon)
Missiles
 e - a javelin
Armour
 b - a +0 leather armour
 c - a +0 helmet (worn)
 k - a +0 chain mail (worn)
Jewellery
 h - a ring of positive energy (left hand)
Scrolls
 g - a scroll of acquirement {unknown}
 n - a scroll of noise {unknown}
 o - 2 scrolls of blinking {unknown}
 p - a scroll of poison {unknown}
 r - a scroll of amnesia {unknown}
Potions
 f - a potion of degeneration {unknown}
 i - 2 potions of lignification
 l - a potion of berserk rage {unknown}
 m - a potion of curing
 q - a potion of invisibility {unknown}


   Skills:
 - Level 2.1 Fighting
 * Level 4.9 Long Blades
 - Level 2.0 Throwing
 + Level 4.7 Dodging


You had 2 spell levels left.
You didn't know any spells.
Your spell library contained the following spells:

 Spells                   Type           Power      Damage    Failure   Level
 Ozocubu's Armour         Ice            0%         N/A       100%        3
 Anguish                  Hex/Necr       0%         N/A       100%        4
 Cause Fear               Hex            0%         N/A       100%        4
 Metabolic Englaciation   Hex/Ice        0%         N/A       100%        5
 Sculpt Simulacrum        Ice/Alch       0%         N/A       100%        6
 Enfeeble                 Hex            0%         N/A       100%        7


Dungeon Overview and Level Annotations

Branches:
Dungeon (2/15)

Altars:

Annotations:
D:2 Terence


Innate Abilities, Weirdness & Mutations

((You are very nimble when in or above water. (Stealth+, EV+, Speed+++)))
Your lower body shifts to a powerful aquatic tail in water.


Message History

Terence is severely wounded.
Terence hits you with a +0 flail.
You hit Terence.
Terence is severely wounded.
Terence hits you with a +0 flail.
You barely miss Terence.
Terence is severely wounded.
Terence closely misses you. Terence barely misses you.
You barely miss Terence.
Terence is severely wounded.
Terence closely misses you.
You barely miss Terence.
Terence is severely wounded.
Terence hits you with a +0 flail!
You hit Terence but do no damage.
Terence is severely wounded.
Terence says, "Did you write a will?
You should..."
Terence barely misses you.
You barely miss Terence.
Terence is severely wounded.
Terence hits you with a +0 flail.
You barely miss Terence.
Terence is severely wounded.
Terence closely misses you.
You hit Terence but do no damage.
Terence is severely wounded.
Terence hits you with a +0 flail!
* * * LOW HITPOINT WARNING * * *
Throw: 2 throwing nets
Press: ? - help, Q - select action, (/) - cycle Shift-Dir - straight line, f/p - Terence
Aim: Terence, wielding a +0 flail and wearing a +0 chain mail (severely wounded, 67% to hit)
You throw a throwing net. The throwing net barely misses Terence.
Terence closely misses you.
Throw: throwing net
Press: ? - help, Q - select action, (/) - cycle Shift-Dir - straight line, f/p - Terence
Aim: Terence, wielding a +0 flail and wearing a +0 chain mail (severely wounded, 67% to hit)
You throw a throwing net. The throwing net barely misses Terence.
Terence hits you with a +0 flail.
You die...
Terence says, "Rest in peace."

#....#########
#........#......
#............#
#........#......
#(.#.#.#.#.#.#
#........#......
###..#.#.#.#.#..
.(.......#......
#....#.#.#.#.#.#
#########......
#....#.#.#.#.#.##
#....).
#....#.#.#.#.#..#
#......
#...............########
#......
................@@...).(
+......
#......#################
#...... #......# #####.#
######## #.# #
############## .
#............# #
##.##########.#


You could see Terence.

Vanquished Creatures
  2 adders (D:2)
  2 ball pythons (D:2)
  4 endoplasms
  A giant cockroach (D:1)
  3 hobgoblins
  3 kobolds
  2 quokkas
  A bat (D:2)
  2 frilled lizards
  2 goblins (D:2)
  3 rats
25 creatures vanquished.

Notes
Turn   | Place    | Note
-------+----------+-------------------------------------------
     0 | D:1      | bnnuy the Merfolk Gladiator began the quest for the Orb.
     0 | D:1      | Reached XP level 1. HP: 16/16 MP: 1/1
   548 | D:1      | Reached XP level 2. HP: 22/22 MP: 2/2
   996 | D:2      | Reached XP level 3. HP: 27/27 MP: 3/3
  1462 | D:2      | Noticed Terence
  1481 | D:2      | Slain by Terence

Illustrated notes

Levels and vault maps discovered:
D:1:      lordsloth_arrival_two_stooges, layout_loops_corners
D:2:      layout_basic, minmay_misc_feat_rows, bh_walls_and_bars, uniq_terence

Skill      XL: |  1 |
---------------+----+-----
Long Blades    | 4 |  4.9
Fighting       | |  2.1
Throwing       | |  2.0
Dodging        | |  4.7

Action                     || total
---------------------------++-------
  Melee: Long sword        ||   104
  Throw: Throwing net      ||     3
    Use: Scroll            ||     2
 Armour: Chain mail        ||    76
         Leather armour    ||     3
  Dodge: Dodged            ||    52
